 Dungeon Crawl Stone Soup version 0.29-a0-506-ga2e7fffb44 (webtiles) character file.

Game seed: 5443191892354800169

3 Spectrina the Ducker (level 1, 0/13 HPs)
             Began as a Deep Elf Monk on May 29, 2022.
             Succumbed to an adder's poison
             ... on level 2 of the Dungeon.
             The game lasted 00:01:19 (121 turns).

Spectrina the Ducker (Deep Elf Monk)                 Turns: 121, Time: 00:01:20

Health: 0/13       AC:  2    Str:  7 (8)  XL:     1   Next: 41%
Magic:  3/3        EV: 13    Int: 11 (14) God:
Gold:   0          SH:  0    Dex: 15 (17) Spells: 0/0 levels left

rFire   . . .      SeeInvis .   a - +0 spear
rCold   . . .      Faith    .   (no shield)
rNeg    . . .      Spirit   .   b - +0 robe
rPois   .          Reflect  .   (no helmet)
rElec   .          Harm     .   (no cloak)
rCorr   .          Rampage  .   (no gloves)
Will    .....                   (no boots)
Stlth   ++........              (no amulet)
HPRegen 0.04/turn               (no ring)
MPRegen 0.08/turn               (no ring)

@: lethally poisoned (0 -> -1)
A: no striking features
a: no special abilities


You were on level 2 of the Dungeon.
You visited 1 branch of the dungeon, and saw 2 of its levels.

Inventory:

Hand Weapons
 a - a +0 spear (weapon)
Missiles
 d - 38 stones (quivered)
Armour
 b - a +0 robe (worn)
Scrolls
 e - a scroll of enchant armour {unknown}
Potions
 f - a potion of degeneration


   Skills:
 - Level 2.4 Fighting
 + Level 2.3 Polearms
 - Level 3.6 Dodging
 - Level 2.4 Stealth


You couldn't memorise any spells.
You didn't know any spells.
Your spell library was empty.

Dungeon Overview and Level Annotations

Branches:
Dungeon (2/15)

Altars:


Message History

You are lethally poisoned!
The adder poisons you!
It was a potion of degeneration.
There was something very wrong with that liquid.
You feel weakened.
You feel dopey.
You feel clumsy.
* * * LOW HITPOINT WARNING * * *
You feel sick. The adder barely misses you.
You are confused.
You feel invigorated.
You feel sick. The adder closely misses you.
You bump into the rock wall.
You feel sick. The adder bites you. x2
* * * LOW HITPOINT WARNING * * *
Unknown command.
You closely miss the adder.
You feel sick. The adder closely misses you.
Unknown command.
You bump into the rock wall.
You feel sick.
You are no longer poisoned.
The adder bites you.
* * * LOW HITPOINT WARNING * * *
Unknown command.
You feel less invigorated.
You feel less confused. The adder barely misses you.
You hit the adder but do no damage. The adder completely misses you.
You closely miss the adder. The adder bites you.
You are lethally poisoned!
The adder poisons you!
You closely miss the adder.
* * * LOW HITPOINT WARNING * * *
You feel sick. The adder closely misses you.
You hit the adder.
The adder is heavily wounded.
* * * LOW HITPOINT WARNING * * *
You feel sick. The adder barely misses you. x2
You hit the adder.
The adder is almost dead.
* * * LOW HITPOINT WARNING * * *
You feel sick. The adder completely misses you.
You hit the adder but do no damage.
The adder is almost dead.
You die...

# #. #. .# #.
.# #####.##. .
........ #.#
.....# ..#
##.#.#.##..#
#.>...S....#
##.#.#@##.....
.. #.# ### #.
#.# # #.# #.#
..# ###


You could see an adder.

Vanquished Creatures
  A ball python (D:1)
  A hobgoblin (D:1)
  A kobold (D:1)
3 creatures vanquished.

Notes
Turn   | Place    | Note
-------+----------+-------------------------------------------
     0 | D:1      | Spectrina the Deep Elf Monk began the quest for the Orb.
     0 | D:1      | Reached XP level 1. HP: 13/13 MP: 3/3
   121 | D:2      | Succumbed to an adder's poison

Illustrated notes

Levels and vault maps discovered:
D:1:      dpeg_arrival_simpleton_c, layout_loops_ring,
          dreamdust_ecumenical_altar_grove, minmay_3d_cube
D:2:      layout_loops_ring, basic_altar

Action                   || total
-------------------------++-------
Melee: Spear             ||    23
  Use: Potion            ||     2
Armor: Robe              ||     3
Dodge: Dodged            ||    17

Table legend: (Time is in decaauts)
 A = Elapsed time spent in this place.
 B = Non-inter-level travel time spent in this place.
 C = Inter-level travel time spent in this place.
 D = Time resting spent in this place.
 E = Time spent auto-exploring this place.
 F = Levels seen in this place.
 G = Mean time per level.
                   A        B        C        D        E       F      G
               +--------+--------+--------+--------+--------+-----+--------+
         Total |    120 |    120 |      0 |      0 |      0 |   2 |   60.0 |
       Dungeon |    120 |    120 |      0 |      0 |      0 |   2 |   60.0 |
               +--------+--------+--------+--------+--------+-----+--------+

Top non-repeatable levels by time:
     D:1: 108 daAuts
     D:2: 12 daAuts
